 Dungeon Crawl Stone Soup version 0.27-a0-393-gba1aca71f1 (webtiles) character file.

Game seed: 2109591769984925260

1024 CryoSword the Cutter (level 8, -2/42 HPs)
             Began as a Vine Stalker Warper on Feb 20, 2021.
             Was a Believer of Uskayaw.
             Slain by a worker ant (6 damage)
             ... on level 6 of the Dungeon.
             The game lasted 00:11:45 (5721 turns).

CryoSword the Cutter (Vine Stalker Warper)          Turns: 5721, Time: 00:11:46

Health: -2/42      AC:  6    Str: 14    XL:     8   Next: 22%
Magic:  0/12       EV: 12    Int: 13    God:    Uskayaw [**....]
Gold:   183        SH:  0    Dex: 16    Spells: 9/11 levels left

rFire    . . .     SeeInvis .   o - +1 short sword (elec)
rCold    . . .     Faith    .   (no shield)
rNeg     + . .     Spirit   +   p - +0 ring mail
rPois    .         Reflect  .   s - +0 helmet
rElec    .         Harm     .   (no cloak)
rCorr    .         Rampage  .   (no gloves)
Will     +....                  (no boots)
Stlth    ++........             (no amulet)
HPRegen  1.14/turn              y - ring of positive energy
MPRegen  0.13/turn              (no ring)

@: no status effects
A: fangs 3, regeneration 1, magic shield, antimagic bite, no potion heal 3
a: Renounce Religion, Stomp, Line Pass


You were on level 6 of the Dungeon.
You worshipped Uskayaw.
Uskayaw was noncommittal.
You visited 2 branches of the dungeon, and saw 7 of its levels.
You also visited: Sewer.

You collected 183 gold pieces.

Inventory:

Hand Weapons
 o - a +1 short sword of electrocution (weapon)
   (You found it on level 1 of the Dungeon)
Missiles
 e - 5 boomerangs of dispersal {!f}
 m - 2 curare-tipped darts (quivered)
 u - 17 poisoned darts
 x - 8 boomerangs
Armour
 p - a +0 ring mail (worn)
   (You found it on level 2 of the Dungeon)
 s - a +0 helmet (worn)
   (You found it on level 3 of the Dungeon)
Jewellery
 y - a ring of positive energy (left hand)
   (You found it on level 4 of the Dungeon)
 A - a ring of protection from cold {unknown}
   (You found it on level 5 of the Dungeon)
Scrolls
 a - a scroll of teleportation {@r4}
 d - 2 scrolls of blinking
 f - a scroll of noise {unknown}
 h - a scroll of identify {@r1}
 i - 3 scrolls of amnesia
 r - a scroll of fear {unknown}
 t - a scroll of enchant armour {unknown}
 v - a scroll of random uselessness {unknown}
 w - a scroll of magic mapping {unknown}
 z - a scroll of enchant weapon {unknown}
Potions
 b - 4 potions of might
 c - 3 potions of attraction {!q}
 g - 3 potions of flight {unknown}
 j - 3 potions of degeneration {unknown}
 k - 8 potions of curing {@q1}
 l - a potion of resistance {unknown}
 n - 2 potions of mutation {unknown}
 q - a potion of brilliance {unknown}


   Skills:
 + Level 3.8 Fighting
 * Level 5.2 Short Blades
 - Level 0.8 Throwing
 - Level 0.7 Armour
 + Level 3.4 Dodging
 + Level 4.5 Stealth
 - Level 2.1 Spellcasting
 + Level 4.7 Translocations


You had 9 spell levels left.
You knew the following spells:

 Your Spells              Type           Power        Failure   Level
a - Blink                 Tloc           N/A          11%         2

Your spell library contained the following spells:

 Spells                   Type           Power        Failure   Level
 Gell's Gravitas          Tloc           6%           22%         3
 Lesser Beckoning         Tloc           6%           22%         3
 Teleport Other           Tloc           13%          22%         3
 Manifold Assault         Tloc           13%          58%         4
 Confusing Touch          Hex            1%           83%         3
 Petrify                  Tmut/Erth      1%           99%         4
 Metabolic Englaciation   Hex/Ice        0%           100%        5
 Yara's Violent Unravell  Hex/Tmut       0%           100%        5


Dungeon Overview and Level Annotations

Branches:
Dungeon (6/15)             Temple (1/1) D:5           Sewer (visited)

Altars:
Ashenzari
Cheibriados
Dithmenos
Elyvilon
Fedhas
Gozag
Hepliaklqana
Kikubaaqudgha
Nemelex Xobeh
Okawaru
Qazlal
Ru
Sif Muna
Trog
Uskayaw
Wu Jian
Xom
The Shining One


Innate Abilities, Weirdness & Mutations

You have razor-sharp teeth.
Your natural rate of healing is unusually fast.
When hurt, damage is shared between your health and your magic reserves.
Your bite disrupts and absorbs the magic of your enemies.
Potions cannot restore your health.


Message History

Done exploring.
There is a stone staircase leading down here.
You climb downwards.
A worker ant comes into view.
There is a stone staircase leading up here.
A worker ant is nearby!
A worker ant is nearby!
You hit the worker ant but do no damage.
You bite the worker ant. You drain its power. The worker ant barely misses you.
You hit the worker ant. The worker ant misses you.
You hit the worker ant but do no damage.
You bite the worker ant! You drain its power.
The worker ant bites you but does no damage.
You hit the worker ant.
Lightning courses through the worker ant!
You kill the worker ant!
No target in view!
Could not explore, unopened door.
Could not explore, unopened door.
Which direction?
There isn't anything that you can open there!
You open the door. You open the door.
There is an open door here.
Found a stone staircase leading down.
Found 16 stones.
There is a stone staircase leading down here.
You see here 16 stones.
You now have 183 gold pieces (gained 4).
Found 24 bolts.
You see here 24 bolts.
You open the door.
There is an open door here.
Could not explore, unopened door.
You open the door.
There is an open door here.
There is a stone staircase leading down here.
A water moccasin skeleton comes into view.
A water moccasin skeleton is nearby!
You puncture the water moccasin skeleton!
The water moccasin skeleton bites you.
You completely miss the water moccasin skeleton.
You bite the water moccasin skeleton. You drain its power.
You feel invigorated. The water moccasin skeleton bites you.
You closely miss the water moccasin skeleton.
The water moccasin skeleton closely misses you.
You hit the water moccasin skeleton.
Lightning courses through the water moccasin skeleton!
You destroy the water moccasin skeleton!
No target in view!
No target in view!
You open the door.
Found a potion of curing.
There is an open door here.
k - 8 potions of curing {@q1} (gained 1)
j - 3 coppery potions (gained 1)
An orc comes into view. It is wielding a +0 hand axe.
Found a rapier and a book of Misfortune.
An orc is nearby!
An orc wizard comes into view. It is wielding a +0 dagger.
An orc wizard comes into view. It is wielding a +0 dagger.
Found a whip.
Found a stone staircase leading down.
The orc wizard shouts!
You hit the orc wizard.
You hear a shout! x3
The orc wizard closely misses you.
You hit the orc wizard.
Lightning courses through the orc wizard!
You kill the orc wizard!
An orc comes into view. It is wielding a +0 club.
You hit the orc wizard. Your bite misses the orc wizard.
You hit the orc wizard.
An orc priest comes into view. It is wielding a +0 club.
The orc wizard gestures at you while chanting.
The magic dart hits you but does no damage.
You can now pass through a line of other dancers.
The orc wizard points at you and mumbles some strange words.
The magic dart hits you but does no damage.
You can no longer pass through a line of other dancers.
The orc wizard hits you but does no damage.
You hit the orc wizard.
The orc wizard gestures at you while chanting.
You easily resist.
An ogre comes into view. It is wielding a +0 giant spiked club.
The orc priest looks braver for a moment.
The orc wizard closely misses you. The orc hits you with a +0 club.
You hit the orc wizard.
Lightning courses through the orc wizard!
You kill the orc wizard!
The orc hits you but does no damage.
You can now pass through a line of other dancers.
You hit the orc but do no damage. Lightning courses through the orc!
You kill the orc!
A worker ant comes into view.
The orc priest misses you.
The orc priest mumbles some strange prayers to Beogh against you.
Beogh smites you!
Unknown command.
You can't walk through walls!
Okay, then.
Aim: an orc, wielding a +0 hand axe
Okay, then.
Okay, then.
The orc hits you but does no damage.
The orc priest hits you but does no damage.
The orc appears confused.
The ogre appears confused.
You can no longer pass through a line of other dancers.
The orc hits the ogre with a +0 hand axe.
The ogre hits you with a +0 giant spiked club!
The orc priest looks braver for a moment.
You are too injured to fight recklessly!
You are too injured to fight recklessly!
You are too injured to fight recklessly!
You hit the ogre. You bite the ogre. You drain its power.
You feel invigorated.
The ogre seems less confused.
The orc hits the ogre with a +0 hand axe.
You hit the ogre. You bite the ogre. You drain its power.
The orc seems less confused.
The worker ant bites you but does no damage.
The ogre hits you with a +0 giant spiked club!
* * * LOW HITPOINT WARNING * * *
You can now pass through a line of other dancers.
The orc priest mumbles some strange prayers to Beogh against you.
Beogh smites you!
* * * LOW HITPOINT WARNING * * *
The worker ant bites you.
* * * LOW HITPOINT WARNING * * *
The worker ant bites you.
* * * LOW HITPOINT WARNING * * *
You barely miss the orc. The worker ant barely misses you.
You hit the orc. Your bite misses the orc. The orc barely misses you.
You barely miss the orc. The worker ant bites you.
* * * LOW HITPOINT WARNING * * *
The orc closely misses you.
The worker ant bites you but does no damage.
You hit the worker ant. Your bite misses the worker ant.
The worker ant bites you but does no damage.
You hit the worker ant but do no damage.
Your bite misses the worker ant. The worker ant closely misses you.
You hit the worker ant. Your bite misses the worker ant.
The orc priest mumbles some strange prayers to Beogh against you.
Beogh smites you!
* * * LOW HITPOINT WARNING * * *
The worker ant misses you.
You hit the worker ant. The worker ant bites you!
You die...

###.....# ###...##..#
##..##..#
#..##..######
#..##.......# #
#..##....)..# #.####
##..##.......#
#.....###.#.##.......#
#.....).....oB@.#
..........))o##.#
#.:....###......#
#...... #......#
#...... #.)....#
#...... #..........
#.##### ##.....#### #
......# ........


You could see a worker ant, an orc priest and an orc.

Vanquished Creatures
  Sigmund (D:2)
  A centaur (D:5)
  A kobold brigand (Sewer)
  A water moccasin skeleton (D:6)
  A howler monkey (D:4)
  2 hounds (D:4)
  A centaur skeleton (D:5)
  2 iguanas
  Terence (D:2)
  4 orc wizards
  2 worker ants
  A hound skeleton (D:5)
  7 adders
  5 river rats (Sewer)
  A white imp (D:5)
  An ufetubus (D:5)
  An ooze (Sewer)
  7 worms
  2 dart slugs (D:1)
  5 leopard geckos
  19 orcs
  6 giant cockroaches
  7 goblins
  5 hobgoblins
  13 jackals
  24 kobolds
  5 ball pythons
  4 bats
  7 frilled lizards
  29 rats
166 creatures vanquished.

Notes
Turn   | Place    | Note
-------+----------+-------------------------------------------
     0 | D:1      | CryoSword the Vine Stalker Warper began the quest for the
                  | Orb.
     0 | D:1      | Reached XP level 1. HP: 11/11 MP: 4/4
     2 | D:1      | Noticed a naga
     2 | D:1      | Noticed a troll
     4 | D:1      | Noticed a demigod
     4 | D:1      | Noticed a draconian
     6 | D:1      | Noticed a gargoyle
     6 | D:1      | Noticed an elf
     8 | D:1      | Noticed a formicid
     8 | D:1      | Noticed a spriggan
    10 | D:1      | Noticed a dwarf
    10 | D:1      | Noticed a minotaur
    12 | D:1      | Noticed a tengu
    12 | D:1      | Noticed a felid
    14 | D:1      | Noticed a halfling
    14 | D:1      | Noticed a human
    16 | D:1      | Noticed an octopode
    16 | D:1      | Noticed an ogre
    18 | D:1      | Noticed a demonspawn
    20 | D:1      | Noticed a ghoul
    22 | D:1      | Noticed a vampire
    24 | D:1      | Noticed a merfolk
    24 | D:1      | Noticed a centaur
    26 | D:1      | Noticed a vine stalker
   171 | D:1      | Reached skill level 2 in Short Blades
   211 | D:1      | Reached XP level 2. HP: 9/15 MP: 6/6
  1243 | D:2      | Reached XP level 3. HP: 17/18 MP: 7/7
  1311 | D:2      | Noticed Terence
  1314 | D:2      | Reached skill level 1 in Stealth
  1315 | D:2      | Killed Terence
  1394 | D:2      | Gained mutation: Your natural rate of healing is unusually
                  | fast. [Vine Stalker growth]
  1394 | D:2      | Reached XP level 4. HP: 22/23 MP: 6/8
  1591 | D:2      | Learned a level 2 spell: Blink
  1829 | D:2      | Noticed Sigmund
  1836 | D:2      | Killed Sigmund
  1837 | D:2      | Reached skill level 3 in Short Blades
  1837 | D:2      | Reached XP level 5. HP: 27/27 MP: 9/9
  1837 | D:2      | Reached XP level 6. HP: 32/32 MP: 10/10
  2269 | D:3      | Found a glowing drain.
  2274 | Sewer    | Entered a sewer
  2510 | Sewer    | Reached skill level 4 in Short Blades
  2569 | Sewer    | Reached XP level 7. HP: 36/36 MP: 9/11
  3807 | D:5      | Entered Level 5 of the Dungeon
  4208 | D:5      | Found a staircase to the Ecumenical Temple.
  4250 | Temple   | Entered the Ecumenical Temple
  4790 | D:5      | Gained mutation: You have razor-sharp teeth. [Vine Stalker
                  | growth]
  4790 | D:5      | Reached XP level 8. HP: 31/42 MP: 8/12
  4864 | D:5      | Reached skill level 5 in Short Blades
  5024 | D:5      | Found a stormy altar of Qazlal.
  5024 | D:5      | Found a broken altar of Ashenzari.
  5024 | D:5      | Found an iron altar of Okawaru.
  5024 | D:5      | Found a hazy altar of Hepliaklqana.
  5031 | D:5      | Found a shimmering blue altar of Sif Muna.
  5033 | D:5      | Found a hide-covered altar of Uskayaw.
  5041 | D:5      | Became a worshipper of Uskayaw the Reveller
  5220 | D:5      | Reached * piety under Uskayaw
  5263 | D:5      | Found a stormy altar of Qazlal.
  5695 | D:6      | Reached ** piety under Uskayaw
  5721 | D:6      | Slain by a worker ant

Illustrated notes

Levels and vault maps discovered:
D:1:      kb_arrival_jail, layout_basic
D:2:      layout_basic, uniq_terence, uniq_sigmund
D:3:      layout_basic, gup_sewer_entry_spiral, eino_tiny_chamber,
          nrook_campfire
D:4:      layout_rooms
D:5:      layout_layer_cave, minmay_overflow_temple_hex,
          minmay_temple_entry_crystal_x, basic_altar
D:6:      layout_basic, grunt_temple_overflow_lords_of_destruction,
          nicolae_gozag_seed_capital
Temple:   minmay_temple_forest_path

Skill      XL: |  1  2  3  4  5  6  7  8 |
---------------+-------------------------+-----
Short Blades   | 2 3 4 5 |  5.2
Fighting       | 2 3 |  3.8
Stealth        | 1 2 3 4 |  4.5
Dodging        | 2 3 |  3.4
Translocations | 4 |  4.7
Throwing       | |  0.8
Armour         | |  0.7
Spellcasting   | |  2.1

Action                   |  1- 3 |  4- 6 |  7- 9 || total
-------------------------+-------+-------+-------++-------
Melee: Short sword       |    73 |   176 |   190 ||   439
       Bite              |    13 |    35 |    42 ||    90
Throw: Dart              |     4 |     2 |     1 ||     7
Invok: Line Pass         |       |       |     1 ||     1
  Use: Scroll            |       |       |     6 ||     6
 Stab: Sleeping          |       |     2 |     3 ||     5
Armor: Leather armour    |    14 |     1 |       ||    15
       Ring mail         |       |    59 |    54 ||   113
Dodge: Dodged            |    44 |    94 |   120 ||   258

Table legend: (Time is in decaauts)
 A = Elapsed time spent in this place.
 B = Non-inter-level travel time spent in this place.
 C = Inter-level travel time spent in this place.
 D = Time resting spent in this place.
 E = Time spent auto-exploring this place.
 F = Levels seen in this place.
 G = Mean time per level.
                   A        B        C        D        E       F      G
               +--------+--------+--------+--------+--------+-----+--------+
         Total |   5726 |   5456 |    270 |    192 |   4079 |   8 |  715.8 |
       Dungeon |   4747 |   4535 |    212 |    192 |   3383 |   6 |  791.2 |
        Temple |    491 |    433 |     58 |      0 |    432 |   1 |  491.0 |
         Sewer |    487 |    487 |      0 |      0 |    264 |   1 |  487.0 |
               +--------+--------+--------+--------+--------+-----+--------+

Top non-repeatable levels by time:
     D:5: 1258 daAuts
     D:1: 1211 daAuts
     D:2: 777 daAuts
     D:3: 730 daAuts
     D:4: 617 daAuts
  Temple: 491 daAuts
   Sewer: 487 daAuts
     D:6: 151 daAuts
